cohdb
Replays
Latest Replays
All Replays
Popular Replays
Top Player Replays
Match Explorer
How It Works
Community
CoH3 Stats
Reddit
Sign in to upload your games and track your stats! →
Sign in with Steam
Match 44669520
Unlisted
Match 44669520
Overview
Messages
Build Orders
End
Pioneer Squad
Construct Infanterie Kompanie
MG 42 Machine Gun Team
Grenadier Squad
Selects Breakthrough Battlegroup
Selects Assault Grenadiers
GrW 34 Mortar Team
Construct Panzergrenadier Kompanie
251 Medium Carrier
Selects Smoke Bombing Run
Panzergrenadier Squad
Pak 40 Anti-tank Gun Team
Panzergrenadier Squad
Selects Incendiary Bombing Run
Medical Station
Panzergrenadier Squad
Construct Panzer Kompanie
Smoke Bombing Run
Incendiary Bombing Run
Pak 40 Anti-tank Gun Team
Selects 2.5-tonne Cargo Truck
Selects Blitzkrieg
Smoke Bombing Run
Panzer IV Medium Tank
Smoke Bombing Run
Blitzkrieg
Pak 40 Anti-tank Gun Team
JayS
Zapatista
Codenames
Jarkke
库腾堡剑圣五河士道
XUAN ZHUAN
DCL_USDC
Pipeline
0
0
Comments
sign in to comment!
No comments posted yet!